 Dungeon Crawl Stone Soup version 0.31.0-11-ge490571c62 (webtiles) character file.

Game seed: 1557556651822562061

278 Daunt the Slasher (level 6, 0/47 HPs)
             Began as a Human Delver on Jan 27, 2024.
             Was a Believer of Ru.
             Succumbed to Ijyb's poison
             ... on level 3 of the Dungeon on Jan 28, 2024.
             The game lasted 00:13:28 (2362 turns).

Daunt the Slasher (Human Delver)                    Turns: 2362, Time: 00:13:29

Health: 0/47       AC:  7    Str: 12    XL:     6   Next: 26%
Magic:  6/6        EV: 11    Int: 10    God:    Ru [**....]
Gold:   105        SH:  0    Dex: 17    Spells: 5/5 levels left

rFire   . . .        a - +0 falchion
rCold   . . .        (no shield)
rNeg    . . .        i - +0 ring mail
rPois   .            s - +0 helmet
rElec   .            (no cloak)
rCorr   .            w - +0 pair of gloves
SInv    +            (no boots)
Will    .....        (no amulet)
Stlth   ++           I - ring of see invisible
HPRegen 0.27/turn    (no ring)
MPRegen 0.10/turn

%: no passive effects
@: mighty, lethally poisoned (0 -> -22), attractive
A: hated by all, explore regen
a: Renounce Religion


You were on level 3 of the Dungeon.
You worshipped Ru.
Ru was pleased with you.
You visited 2 branches of the dungeon, and saw 6 of its levels.

You collected 105 gold pieces.

Inventory:

Hand Weapons
 a - a +0 falchion (weapon)
 b - a +0 sling
 r - a +0 heavy trident
 z - a +0 dagger
Missiles
 l - 2 poisoned darts (quivered)
 v - 49 stones
Armour
 i - a +0 ring mail (worn)
 j - a +0 leather armour
 s - a +0 helmet (worn)
 u - a +0 plate armour
 w - a +0 pair of gloves (worn)
Jewellery
 I - a ring of see invisible (left hand)
Wands
 g - a wand of digging (2)
Scrolls
 c - a scroll of fog
 h - 3 scrolls of immolation {unknown}
 k - a scroll of butterflies {unknown}
 m - a scroll of revelation
 o - a scroll of enchant weapon {unknown}
 p - 4 scrolls of identify {unknown}
 q - 2 scrolls of blinking {unknown}
 y - a scroll of teleportation {unknown}
 C - a scroll of vulnerability {unknown}
Potions
 f - 2 potions of haste
 t - a potion of degeneration {unknown}
 x - a potion of curing {unknown}
 A - a potion of heal wounds {unknown}
 B - a potion of invisibility {unknown}


   Skills:
 - Level 3.0 Fighting
 - Level 5.3 Long Blades
 + Level 3.2 Ranged Weapons
 - Level 2.0 Dodging
 - Level 5.0 Stealth


You had 5 spell levels left.
You didn't know any spells.
Your spell library was empty.

Dungeon Overview and Level Annotations

Branches:
Dungeon (5/15)             Temple (1/1) D:5

Altars:
Ashenzari
Dithmenos
Elyvilon
Kikubaaqudgha
Makhleb
Ru
Trog
Uskayaw
Wu Jian

Shops:
D:1 (

Annotations:
D:3 2 transporters, Ijyb; bigmatt's ghost, weakling TeAE


Innate Abilities, Weirdness & Mutations

You are hated by all.
You regain HP and MP as you explore.


Message History

Ijyb barely misses you.
You closely miss Ijyb.
Ijyb is heavily wounded.
You feel very sick.
Ijyb zaps a wand.
The puff of flame hits you!
You slash Ijyb!
Ijyb is severely wounded.
You feel sick.
Ijyb hits you with a +0 dagger of venom.
You are more poisoned.
You closely miss Ijyb.
Ijyb is severely wounded.
You feel very sick. Ijyb hits you but does no damage.
You are lethally poisoned!
You closely miss Ijyb.
Ijyb is severely wounded.
You feel very sick. Ijyb closely misses you.
Okay, then.
Unknown command.
You closely miss Ijyb.
Ijyb is severely wounded.
* * * LOW HITPOINT WARNING * * *
You feel very sick.
Ijyb hits you with a +0 dagger of venom.
* * * LOW HITPOINT WARNING * * *
It was a potion of attraction.
You feel attractive to monsters.
* * * LOW HITPOINT WARNING * * *
You feel very sick.
Ijyb hits you with a +0 dagger of venom.
* * * LOW HITPOINT WARNING * * *
You are more poisoned.
Unknown command.
Unknown command.
Unknown command.
It was a potion of might.
You feel very mighty all of a sudden.
You die...

###########...# #.# #)##.
#.........#.#.# #.# #.##.
#.........#.#)# #.# #....
#....)......#)# #†# #....
#######....##.# #†# #####....
#....##.# #.# #........
#########....##.#####'###########
#...............##.........##
.........##....g@'...........
#.#########.###.##....$....## #.#
#.# #.##.........#
#.#########.###.##.........#
................##.........#
#.#########.##..##.........# #.#
####'###.##.........#
########.....##..[...........
##...........#..h....©...g...


You could see Ijyb.

Vanquished Creatures
  A howler monkey (D:3)
  2 hounds (D:4)
  Jessica (D:2)
  An iguana (D:4)
  Robin (D:3)
  A gnoll (D:1)
  2 adders
  2 ribbon worms (D:2)
  4 orcs (D:4)
  6 ball pythons
  7 endoplasms
  5 giant cockroaches
  8 hobgoblins
  8 kobolds
  5 quokkas
  7 bats
  3 frilled lizards
  12 goblins
  4 rats
80 creatures vanquished.

Notes
Turn   | Place    | Note
-------+----------+-------------------------------------------
     0 | D:5      | Daunt the Human Delver began the quest for the Orb.
     0 | D:5      | Reached XP level 1. HP: 18/18 MP: 1/1
    73 | D:5      | Found a staircase to the Ecumenical Temple.
    82 | Temple   | Entered the Ecumenical Temple
    93 | Temple   | Became a worshipper of Ru the Awakened
   174 | D:4      | Noticed a hound
   179 | D:4      | Killed a hound
   180 | D:4      | Reached XP level 2. HP: 24/24 MP: 2/2
   180 | D:4      | Reached XP level 3. HP: 29/29 MP: 3/3
   337 | D:4      | Reached XP level 4. HP: 35/35 MP: 4/4
   525 | D:3      | Noticed Ijyb
   554 | D:3      | Noticed Robin
   574 | D:3      | Reached skill level 5 in Long Blades
   585 | D:3      | Found a transporter.
   588 | D:3      | Noticed bigmatt's ghost (weakling TeAE)
   600 | D:3      | Killed Robin
   601 | D:3      | Reached XP level 5. HP: 6/41 MP: 5/5
  1209 | D:1      | Reached skill level 1 in Ranged Weapons
  1518 | D:1      | Found Somoehy's Antique Weapon Shoppe.
  1817 | D:2      | Noticed Jessica
  1821 | D:2      | Killed Jessica
  1822 | D:2      | Reached XP level 6. HP: 47/47 MP: 6/6
  2174 | D:3      | Found a hide-covered altar of Uskayaw.
  2279 | D:3      | Found a transporter.
  2294 | D:3      | Gained mutation: You are hated by all. [Ru sacrifice]
  2294 | D:3      | Reached * piety under Ru
  2294 | D:3      | Reached ** piety under Ru
  2362 | D:3      | Succumbed to Ijyb's poison

Illustrated notes

Levels and vault maps discovered:
D:1:      roadster_arrival_rocket_large, layout_basic, serial_shops,
          nicolae_shop_pleasant_corner_grove, minmay_nonomino_d4
D:2:      layout_rooms, uniq_jessica
D:3:      cheibrodos_pilgrimage, layout_basic, nicolae_overflow_crystal_walls,
          gammafunk_ghost_arena, chequers_ecumenical_altar_island, uniq_robin,
          uniq_ijyb
D:4:      layout_basic, minmay_vboxes
D:5:      layout_loops_ring, fedhas_bush_and_centaur_altar,
          mainiacjoe_overflow_paths, minmay_temple_entry_antechambers
Temple:   hellmonk_temple_flake

Skill      XL: |  1  2  3  4  5  6 |
---------------+-------------------+-----
Long Blades    | 3 4 5 |  5.3
Ranged Weapons | 2 3 |  3.2
Fighting       | |  3.0
Dodging        | |  2.0
Stealth        | |  5.0

Action                     |  1- 3 |  4- 6 || total
---------------------------+-------+-------++-------
  Melee: Falchion          |    17 |    89 ||   106
   Fire: Sling             |     6 |   176 ||   182
  Throw: Dart              |       |     1 ||     1
 Invoke: Sacrifice Love    |       |     1 ||     1
  Evoke: Wand              |     5 |     1 ||     6
    Use: Scroll            |     1 |     1 ||     2
         Potion            |       |     2 ||     2
   Stab: Paralysed         |     8 |       ||     8
 Armour: Ring mail         |     7 |    81 ||    88
         Leather armour    |     1 |       ||     1
  Dodge: Dodged            |    10 |    85 ||    95
